 Dungeon Crawl Stone Soup version 0.28-a0-620-g539b0f7ac7 (webtiles) character file.

Game seed: 7221030580326551482

1496 siradein the Skirmisher (level 8, 0/83 HPs)
             Began as an Ogre Transmuter on Oct 7, 2021.
             Slain by a troll (2 damage)
             ... on level 5 of the Dungeon.
             The game lasted 00:13:41 (6383 turns).

siradein the Skirmisher (Ogre Transmuter)           Turns: 6383, Time: 00:13:42

Health: 0/83       AC:  4    Str: 21    XL:     8   Next: 81%
Magic:  15/16      EV: 10    Int: 16    God:
Gold:   254        SH:  0    Dex:  9    Spells: 8/18 levels left

rFire   . . .      SeeInvis .     - Unarmed
rCold   . . .      Faith    .   (no shield)
rNeg    . . .      Spirit   .   a - +0 robe
rPois   .          Reflect  .   (helmet currently unavailable)
rElec   .          Harm     .   e - +0 cloak
rCorr   .          Rampage  .   (gloves unavailable)
Will    .....                   (boots unavailable)
Stlth   +.........              (no amulet)
HPRegen 0.23/turn               s - +6 ring of strength
MPRegen 0.15/turn               (no ring)

@: appendages (expiring), wereblooded
A: horns 2, talons 2, large, unfitting armour, tough skin 1
a: End Transformation


You were on level 5 of the Dungeon.
You had temporarily grown beastly horns and talons.
You visited 1 branch of the dungeon, and saw 5 of its levels.

You collected 254 gold pieces.

Inventory:

Hand Weapons
 f - a +2 dagger of venom
Missiles
 j - 19 poisoned darts
 q - a throwing net
 r - 3 javelins
Armour
 a - a +0 robe (worn)
 e - a +0 cloak (worn)
Jewellery
 s - a +6 ring of strength (left hand)
 t - a ring of ice
Scrolls
 d - 9 scrolls of identify {unknown}
 i - a scroll of torment {unknown}
 l - a scroll of enchant armour {unknown}
 n - 2 scrolls of fear {unknown}
 o - 2 scrolls of amnesia {unknown}
 p - a scroll of blinking {unknown}
 u - a scroll of magic mapping {unknown}
Potions
 b - 3 potions of flight {unknown}
 c - 2 potions of invisibility {unknown}
 g - 2 potions of heal wounds {unknown}
 h - a potion of experience {unknown}
 k - 6 potions of curing {unknown}
 m - 2 potions of resistance {unknown}
 v - a potion of ambrosia {unknown}
 w - a potion of cancellation {unknown}


   Skills:
 + Level 6.2 Fighting
 + Level 4.6 Dodging
 + Level 5.1 Unarmed Combat
 + Level 5.7 Spellcasting
 + Level 4.6 Transmutations


You had 8 spell levels left.
You knew the following spells:

 Your Spells              Type           Power      Damage    Failure   Level
a - Beastly Appendage     Tmut           38%        N/A       1%          1
b - Wereblood             Tmut           19%        N/A       3%          2
c - Spider Form           Tmut/Pois      6%         N/A       16%         3
d - Ice Form              Ice/Tmut       12%        N/A       47%         4

Your spell library contained the following spells:

 Spells                   Type           Power      Damage    Failure   Level


Dungeon Overview and Level Annotations

Branches:
Dungeon (5/15)
 Temple: D:4-7

Altars:
Vehumet
Wu Jian

Annotations:
D:5 4 runed translucent doors


Innate Abilities, Weirdness & Mutations

You have temporarily grown beastly horns and talons.
You are too large for most types of armour.
You have tough skin. (AC +1)


Message History

Your blood is freshly infused with primal strength!
The adder zombie bites you but does no damage.
The shadow imp hits you but does no damage.
You closely miss the shadow imp. You claw the shadow imp.
The shadow imp is heavily wounded.
The adder zombie barely misses you. The shadow imp barely misses you.
You closely miss the shadow imp.
You claw the shadow imp, but do no damage.
The shadow imp is heavily wounded.
The adder zombie closely misses you.
You closely miss the shadow imp. Your kick misses the shadow imp.
The shadow imp is heavily wounded.
The shadow imp hits you.
The adder zombie bites you but does no damage.
You hit the shadow imp but do no damage.
The shadow imp is heavily wounded.
The shadow imp hits you. The adder zombie barely misses you.
You barely miss the shadow imp. You claw the shadow imp.
You feel a bit better.
You kill the shadow imp!
You barely miss the troll. The scorpion zombie closely misses you.
You barely miss the troll. Your kick misses the troll.
You howl as the wereblood boils in your veins!
The troll bites you! The troll claws you. The troll claws you!
The scorpion zombie closely misses you.
You barely miss the troll. Your headbutt misses the troll.
Your transformation is almost over.
The troll bites you! The troll claws you. x2
* * * LOW HITPOINT WARNING * * *
You are too injured to fight recklessly!
You are too injured to fight recklessly!
You closely miss the troll. The troll bites you!
* * * LOW HITPOINT WARNING * * *
The troll claws you!
* * * LOW HITPOINT WARNING * * *
The troll claws you.
* * * LOW HITPOINT WARNING * * *
You hit the troll. Your kick misses the troll. You headbutt the troll.
The troll is lightly wounded.
The troll bites you.
You die...

###################
##..................
#..######..######...
#.##Z...#### ##..
#.#T#.##?# #..
#.#@#Z.# #.#
##.#.###.. #..
#..#.#.##)# #..
#..##.#.### ##..
#[..###'# #+###...
#.#[....######.......
#.####.##8?}8##.....#
#.# #.#8....8#..####
#.# #.+......+.##


You could see a troll and an adder zombie.

Vanquished Creatures
  Menkaure (D:5)
  4 ogres
  A centaur (D:5)
  2 phantoms
  2 scorpions (D:5)
  A water moccasin skeleton (D:4)
  2 howler monkeys (D:5)
  2 hounds (D:5)
  A bullfrog skeleton (D:4)
  3 iguanas
  4 jellies
  2 orc wizards (D:3)
  A hound skeleton (D:4)
  Robin (D:2)
  4 gnolls (D:3)
  6 adders
  2 shadow imps (D:5)
  An adder zombie (D:5)
  3 worms (D:2)
  2 dart slugs
  6 orcs
  A bat (D:3)
  8 endoplasms
  3 giant cockroaches
  13 goblins
  12 hobgoblins
  8 jackals
  3 quokkas
  6 ball pythons
  2 frilled lizards (D:1)
  6 kobolds
  5 rats
118 creatures vanquished.

Notes
Turn   | Place    | Note
-------+----------+-------------------------------------------
     0 | D:1      | siradein the Ogre Transmuter began the quest for the Orb.
     0 | D:1      | Reached XP level 1. HP: 19/19 MP: 3/3
   216 | D:1      | Reached XP level 2. HP: 20/28 MP: 3/5
   509 | D:1      | Found a faded altar of an unknown god.
   849 | D:2      | Reached skill level 2 in Fighting
   852 | D:2      | Learned a level 2 spell: Wereblood
   897 | D:2      | Reached XP level 3. HP: 30/35 MP: 5/7
  1024 | D:2      | Noticed Robin
  1031 | D:2      | Killed Robin
  1032 | D:2      | Reached XP level 4. HP: 14/44 MP: 6/8
  1976 | D:3      | HP: 2/44 [gnoll (2)]
  2283 | D:3      | Reached XP level 5. HP: 41/52 MP: 6/9
  2288 | D:3      | Reached skill level 3 in Fighting
  3048 | D:4      | Reached XP level 6. HP: 54/61 MP: 9/11
  3095 | D:4      | Found a radiant altar of Vehumet.
  3213 | D:4      | Reached skill level 4 in Fighting
  3490 | D:4      | Found an ornate altar of the Wu Jian Council.
  3742 | D:4      | Reached XP level 7. HP: 56/70 MP: 10/13
  4118 | D:5      | Entered Level 5 of the Dungeon
  4118 | D:5      | Noticed Menkaure
  4520 | D:5      | Killed Menkaure
  4521 | D:5      | Reached skill level 5 in Fighting
  4521 | D:5      | Reached XP level 8. HP: 9/80 MP: 12/15
  4840 | D:5      | Reached skill level 5 in Spellcasting
  5262 | D:5      | Noticed a troll
  5289 | D:5      | Reached skill level 6 in Fighting
  5289 | D:5      | Reached skill level 5 in Unarmed Combat
  5308 | D:5      | HP: 3/83 [troll (11)]
  5767 | D:4      | Learned a level 3 spell: Spider Form
  5772 | D:4      | Learned a level 4 spell: Ice Form
  5959 | D:5      | Found a large runed translucent door.
  5961 | D:5      | Found a large runed translucent door.
  5965 | D:5      | Noticed a vampire
  5975 | D:5      | Found a large runed translucent door.
  5975 | D:5      | Found a large runed translucent door.
  6366 | D:5      | Noticed a troll
  6382 | D:5      | HP: 2/83 [troll (4)]
  6383 | D:5      | Slain by a troll

Illustrated notes

Levels and vault maps discovered:
D:1:      dpeg_arrival_shrine, layout_rooms,
          shapermc_ecumenical_altar_mp_highgroup, minmay_misc_feat_plants,
          minmay_shallow_snake_nest
D:2:      layout_loops_cross, minmay_misc_feat_ornament, dk_noncrumbling_4,
          uniq_robin
D:3:      layout_basic
D:4:      minmay_octagon_keep, layout_gridville, old_standard_altar,
          lemuel_doored_altar, hangedman_decor_opposing
D:5:      cheibrodos_barr_body, layout_cave_pools,
          minmay_hollow_rounded_squares, uniq_menkaure

Skill      XL: |  1  2  3  4  5  6  7  8 |
---------------+-------------------------+-----
Dodging        | 2 3 4 |  4.6
Transmutations | 2 3 4 |  4.6
Fighting       | 2 3 4 5 6 |  6.2
Unarmed Combat | 3 4 5 |  5.1
Spellcasting   | 3 4 5 |  5.7

Action                   |  1- 3 |  4- 6 |  7- 9 || total
-------------------------+-------+-------+-------++-------
Melee: Unarmed           |    14 |       |    76 ||    90
       Kick              |    20 |    30 |    38 ||    88
       Dagger            |    71 |   138 |    73 ||   282
       Headbutt          |     7 |    13 |    22 ||    42
       Bite              |       |     1 |     2 ||     3
 Cast: Beastly Appendage |    16 |    27 |    21 ||    64
       Wereblood         |     1 |     7 |    18 ||    26
 Stab: Sleeping          |     1 |       |       ||     1
Armor: Robe              |    22 |    42 |    38 ||   102
Dodge: Dodged            |    50 |    68 |    92 ||   210

Table legend: (Time is in decaauts)
 A = Elapsed time spent in this place.
 B = Non-inter-level travel time spent in this place.
 C = Inter-level travel time spent in this place.
 D = Time resting spent in this place.
 E = Time spent auto-exploring this place.
 F = Levels seen in this place.
 G = Mean time per level.
                   A        B        C        D        E       F      G
               +--------+--------+--------+--------+--------+-----+--------+
         Total |   6378 |   6282 |     96 |   1032 |   4289 |   5 | 1275.6 |
       Dungeon |   6378 |   6282 |     96 |   1032 |   4289 |   5 | 1275.6 |
               +--------+--------+--------+--------+--------+-----+--------+

Top non-repeatable levels by time:
     D:4: 2197 daAuts
     D:2: 1460 daAuts
     D:5: 1159 daAuts
     D:1: 786 daAuts
     D:3: 774 daAuts
